 Dungeon Crawl Stone Soup version 0.32-a0-306-gfed3edf829 (webtiles) character file.

Game seed: 2669810068557603587

3910 whatisthis the Cleaver (level 10, -1/93 HPs)
             Began as a Mountain Dwarf Cinder Acolyte on Feb 15, 2024.
             Was a Follower of Zin.
             Slain by a fire elemental (12 damage)
             ... created by the fiery vengeance of Ignis
             ... on level 9 of the Dungeon.
             The game lasted 00:27:32 (11808 turns).

whatisthis the Cleaver (MDCA)                      Turns: 11808, Time: 00:27:33

Health: -1/93      AC: 18    Str: 21    XL:     10   Next: 1%
Magic:  11/11      EV:  8    Int: 15    God:    Zin [*.....]
Gold:   241        SH:  0    Dex:  5    Spells: 11/11 levels left

rFire   . . .        N - +0 war axe
rCold   + . .        (no shield)
rNeg    . . .        r - +0 chain mail
rPois   +            (no helmet)
rElec   +            m - +0 cloak
rCorr   +            (no gloves)
SInv    .            D - +0 pair of boots
Will    +....        (no amulet) Stlth
                     Q - ring of protection from fire
HPRegen 0.35/turn    G - +4 ring of protection
MPRegen 0.12/turn

%: no passive effects
@: resistant, fire susceptible
A: runic magic, artefact enchanting
a: Renounce Religion, Recite, Donate Gold


You were on level 9 of the Dungeon.
You worshipped Zin.
Zin was aware of your devotion.
You visited 2 branches of the dungeon, and saw 10 of its levels.
You also visited: Ossuary.

You collected 379 gold pieces.
You spent 112 gold pieces at shops.
You donated 26 gold pieces to Zin.

Inventory:

Hand Weapons
 a - a -1 hand axe of flaming
 p - a +0 whip of venom
 N - a +0 war axe (weapon)
Missiles
 o - 67 stones (quivered)
 E - a throwing net
 J - 10 poisoned darts
 O - 3 atropa-tipped darts
 P - a curare-tipped dart
Armour
 m - a +0 cloak (worn)
 r - a +0 chain mail (worn)
 D - a +0 pair of boots (worn)
 K - an orb of energy
Jewellery
 w - a ring of protection from cold
 y - a ring of ice
 G - a +4 ring of protection (right hand)
 M - a ring of willpower
 Q - a ring of protection from fire (left hand)
Wands
 u - a wand of digging (9)
 v - a wand of flame (1)
 H - a wand of iceblast (4)
Scrolls
 b - 5 scrolls of blinking {unknown}
 d - 2 scrolls of fear {unknown}
 f - 6 scrolls of identify {unknown}
 h - 4 scrolls of silence {unknown}
 i - a scroll of revelation {unknown}
 l - 3 scrolls of noise {unknown}
 n - 3 scrolls of teleportation {unknown}
 q - 2 scrolls of butterflies {unknown}
 t - a scroll of immolation {unknown}
 x - a scroll of vulnerability {unknown}
 I - a scroll of poison {unknown}
 L - a scroll of amnesia {unknown}
Potions
 c - 5 potions of curing
 e - 5 potions of heal wounds {unknown}
 g - 2 potions of resistance
 j - 3 potions of brilliance {unknown}
 k - a potion of magic {unknown}
 s - 3 potions of lignification
 z - 2 potions of enlightenment {unknown}
 A - a potion of invisibility {unknown}
 B - a potion of attraction {unknown}
 C - a potion of cancellation {unknown}
 F - 2 potions of degeneration {unknown}


   Skills:
 + Level 9.8 Fighting
 + Level 10.5 Axes
 + Level 9.0 Armour
 - Level 1.0 Spellcasting
 - Level 3.6 Fire Magic


You had 11 spell levels left.
You didn't know any spells.
Your spell library contained the following spells:

 Spells                   Type           Power      Damage    Failure   Level
 Scorch                   Fire           22%        2d5       13%         2
 Apportation              Tloc           0%         N/A       36%         1
 Necrotise                Necr           0%         1d4       36%         1
 Sting                    Conj/Alch      0%         1d3       36%         1
 Summon Small Mammal      Summ           0%         N/A       36%         1
 Inner Flame              Hex/Fire       6%         N/A       47%         3
 Frozen Ramparts          Ice            0%         1d1       73%         3
 Hailstorm                Conj/Ice       0%         3d5       73%         3
 Cause Fear               Hex            0%         N/A       98%         4
 Leda's Liquefaction      Alch/Erth      0%         N/A       98%         4
 Martyr's Knell           Necr/Summ      0%         N/A       98%         4
 Petrify                  Alch/Erth      0%         N/A       98%         4
 Fireball                 Conj/Fire      3%         3d4       99%         5
 Irradiate                Conj/Alch      0%         3d11      100%        5
 Metabolic Englaciation   Hex/Ice        0%         N/A       100%        5
 Ignition                 Fire           5%         3d4       100%        8
 Dragon's Call            Summ           0%         N/A       100%        9


Dungeon Overview and Level Annotations

Branches:
Dungeon (9/15)             Temple (1/1) D:6         Ossuary (visited)
   Lair: D:8-11         Orc: D:9-12

Altars:
Ashenzari
Cheibriados
Dithmenos
Elyvilon
Fedhas
Gozag
Hepliaklqana
Kikubaaqudgha
Makhleb
Nemelex Xobeh
Okawaru
Qazlal
Ru
Sif Muna
Trog
Uskayaw
Vehumet
Wu Jian
Xom
Yredelemnul
Zin
The Shining One

Shops:
D:3 [   D:4 (=[(   D:7 :


Innate Abilities, Weirdness & Mutations

Your spellcasting is much less encumbered by armour.
You can use scrolls of enchantment on lesser artefacts.


Message History

(? for menu, Esc to cancel) < or
w - a ring of protection from cold; > or
G - a +4 ring of protection You remove your ring of protection from cold.
Q - a ring of protection from fire (left hand) Unknown command.
The fire elemental hits you. The fire elemental burns you!
The fire elemental barely misses you.
You hit the fire elemental.
The fire elemental is lightly damaged.
You hit the fire elemental but do no damage.
The fire elemental hits you. The fire elemental burns you!
The fire elemental hits you. The fire elemental burns you!
You slice the fire elemental!!
The fire elemental is severely damaged.
You barely miss the fire elemental. The fire elemental barely misses you.
The fire elemental hits you. The fire elemental burns you!
You barely miss the fire elemental.
The fire elemental is severely damaged.
You barely miss the fire elemental. The fire elemental barely misses you.
The fire elemental closely misses you. The fire elemental hits you.
The fire elemental burns you!
You hit the fire elemental.
The fire elemental is severely damaged.
You hit the fire elemental but do no damage.
The fire elemental closely misses you. The fire elemental hits you.
The fire elemental burns you! The fire elemental closely misses you.
You barely miss the fire elemental.
The fire elemental is severely damaged.
You closely miss the fire elemental. The fire elemental hits you.
The fire elemental burns you! The fire elemental hits you.
The fire elemental burns you!
* * * LOW HITPOINT WARNING * * *
The fire elemental hits you. The fire elemental burns you!
* * * LOW HITPOINT WARNING * * *
You see here a +0 dagger.
You feel protected. The fire elemental hits you. The fire elemental burns you!
* * * LOW HITPOINT WARNING * * *
The fire elemental hits you. The fire elemental burns you!
You die...

.###..#..............# ##
#..####.##.........
#.#######...........
#....#.#.#÷......# ..##..... ..
##...........)....# ......... ..
...###.#..........# #............
..##.#.#..........###..##..#.#...
...............<).......# ...#...
......|#.......)@E......###.....
#.....##........E.○......##..z#
......#.........☼.....#.##....#
#.....#.................##....#
##............................# #
#...........#....##...........#.#
###..#......##.#####.............
#####....###.#####.........#.##
##....##.#.##.............#


You could see 2 fire elementals.

Vanquished Creatures
  A vampire (D:8)
  An acid dragon (D:8)
  2 water moccasins (D:6)
  A sky beast (D:7)
  3 ice beasts
  A black bear (D:6)
  3 centaurs
  2 ogres
  2 phantoms
  2 kobold brigands
  6 elf zombies (Ossuary)
  3 bullfrogs
  2 scorpions
  3 wights (D:9)
  A howler monkey (D:6)
  3 bombardier beetles (D:6)
  A human zombie (Ossuary)
  4 centaur zombies (Ossuary)
  A jelly (D:5)
  3 gnoll boudas
  8 orc priests
  An iguana (D:5)
  7 orc wizards
  Ijyb (D:5)
  6 hound zombies (Ossuary)
  2 mummies (Ossuary)
  12 gnolls
  3 adders
  A shadow imp (D:7)
  A white imp (D:5)
  4 ufetubi
  5 adder zombies (Ossuary)
  5 dart slugs
  21 orcs
  8 endoplasms
  10 giant cockroaches
  10 hobgoblins
  3 jackals (D:1)
  12 kobolds
  A quokka (D:1)
  5 ball pythons
  4 bats
  A frilled lizard (D:1)
  4 gnoll zombies (Ossuary)
  5 goblins
  6 jackal zombies (Ossuary)
  3 kobold zombies (Ossuary)
  2 orc zombies (Ossuary)
  11 rats
207 creatures vanquished.

Vanquished Creatures (others)
  81 foxfires
81 creatures vanquished.

Grand Total: 288 creatures vanquished

Notes
Turn   | Place    | Note
-------+----------+-------------------------------------------
     0 | D:1      | whatisthis the Mountain Dwarf Cinder Acolyte began the
                  | quest for the Orb.
     0 | D:1      | Reached XP level 1. HP: 19/19 MP: 2/2
     2 | D:1      | Found a runed translucent door.
    70 | D:1      | Reached XP level 2. HP: 25/26 MP: 3/3
   133 | D:1      | Reached skill level 1 in Armour
   157 | D:1      | Reached skill level 4 in Axes
   305 | D:1      | Reached XP level 3. HP: 29/33 MP: 4/4
  1036 | D:1      | Reached XP level 4. HP: 37/40 MP: 5/5
  2165 | D:3      | Found Ypro Qoo's Armour Emporium.
  2272 | D:3      | Found an iron altar of Okawaru.
  2866 | D:4      | Reached XP level 5. HP: 47/47 MP: 6/6
  2893 | D:4      | Reached skill level 5 in Axes
  2988 | D:4      | Found Pyririy's Jewellery Emporium.
  3078 | D:4      | Found Piywk's Antique Armour Shoppe.
  3078 | D:4      | Noticed a phantom
  3142 | D:4      | Noticed an ogre
  3272 | D:4      | Found Feoghiex's Antique Weapon Boutique.
  3376 | D:4      | Killed a phantom
  3377 | D:4      | Reached skill level 5 in Fighting
  3377 | D:4      | Reached XP level 6. HP: 31/56 MP: 7/7
  3486 | D:4      | Found Xoomuva's Antique Weapon Boutique.
  3515 | D:4      | Found a stormy altar of Qazlal.
  3825 | D:5      | Entered Level 5 of the Dungeon
  4147 | D:5      | Noticed Ijyb
  4253 | D:5      | Reached skill level 6 in Axes
  4660 | D:5      | Killed Ijyb
  5115 | D:6      | Found a sand-covered staircase.
  5125 | Ossuary  | Entered an ossuary
  5165 | Ossuary  | Reached XP level 7. HP: 53/62 MP: 8/8
  5340 | Ossuary  | Reached skill level 5 in Armour
  5375 | Ossuary  | Reached skill level 7 in Axes
  5393 | Ossuary  | Reached XP level 8. HP: 53/71 MP: 9/9
  5986 | D:6      | Reached skill level 8 in Axes
  6188 | D:6      | Found a staircase to the Ecumenical Temple.
  6705 | D:6      | Reached XP level 9. HP: 79/81 MP: 10/10
  6850 | D:6      | Reached skill level 9 in Axes
  7379 | D:7      | Found Cym Hino's Book Emporium.
  8702 | D:7      | Found a burning altar of Makhleb.
  9072 | D:8      | Found a hide-covered altar of Uskayaw.
  9889 | D:8      | Got Dyaveank's Atlas of the Fatal Icicle
 10245 | D:8      | Reached skill level 10 in Axes
 10768 | D:4      | Bought a war axe for 112 gold pieces
 11610 | Temple   | Entered the Ecumenical Temple
 11643 | Temple   | Fell from the grace of Ignis
 11643 | Temple   | Became a worshipper of Zin the Law-Giver
 11643 | Temple   | Reached * piety under Zin
 11796 | D:9      | Reached XP level 10. HP: 93/93 MP: 11/11
 11808 | D:9      | Slain by a fire elemental

Illustrated notes

Levels and vault maps discovered:
D:1:      dpeg_arrival_caged_fury, layout_loops_ring, minmay_door_square
D:2:      layout_loops_corners
D:3:      layout_loops_ring, mainiacjoe_overflow_paths, serial_shops,
          nicolae_shop_behind_doors, nicolae_titane
D:4:      layout_basic, lemuel_tele_altar, serial_shops, shop, kennysheep_mini,
          nicolae_shop_tiny_glass, shop
D:5:      layout_loops_cross, serial_co_window_serial, co_window_corner_a,
          co_window_paths_a, co_window_paths_b, co_window_paths_a,
          co_window_of_opportunity_a, co_window_of_opportunity_a,
          co_window_cross_2, co_window_2corner, co_window_cross_3,
          co_window_corner_b, co_window_broadway_c, co_window_sun,
          glass_columns_c, uniq_ijyb
D:6:      layout_layer_cave, temple_doors_e, nicolae_ossuary_entry_ruins,
          minivault_23, st_stairs_11, kennysheep_crisscross
D:7:      layout_layer_cave, lightli_temple_of_fire, serial_shops,
          nicolae_shop_tiny_real_fake_doors
D:8:      layout_layer_cave, nicolae_uskayaw_murder_on_the_dancefloor
D:9:      layout_cave_pools, kennysheep_generic_room_3, uniq_erolcha
Temple:   hc_temple_tempest_star

Skill      XL: |  1  2  3  4  5  6  7  8  9 |
---------------+----------------------------+-----
Armour         | 1 2 3 4 5 7 9 |  9.0
Axes           | 4 5 6 7 8 10 | 10.5
Fighting       | 4 5 6 8 9 |  9.8
Spellcasting   | |  1.0
Fire Magic     | |  3.6

Action                     |  1- 3 |  4- 6 |  7- 9 | 10-12 || total
---------------------------+-------+-------+-------+-------++-------
  Melee: Hand axe          |   123 |   117 |   226 |       ||   466
         Whip              |       |   137 |   391 |       ||   528
         War axe           |       |       |    39 |     5 ||    44
  Throw: Dart              |       |    10 |    22 |       ||    32
         Stone             |       |       |    11 |       ||    11
         Boomerang         |       |       |     3 |       ||     3
         Throwing net      |       |       |     1 |       ||     1
 Invoke: Fiery Armour      |       |     1 |     3 |       ||     4
         Foxfire Swarm     |       |       |     6 |       ||     6
  Evoke: Wand              |       |       |    27 |       ||    27
    Use: Potion            |       |     4 |     1 |     1 ||     6
 Armour: Robe              |    45 |       |       |       ||    45
         Leather armour    |    18 |     3 |       |       ||    21
         Ring mail         |       |    54 |       |       ||    54
         Chain mail        |       |   141 |   598 |    22 ||   761
  Dodge: Dodged            |    65 |   109 |   287 |     6 ||   467

Table legend: (Time is in decaauts)
 A = Elapsed time spent in this place.
 B = Non-inter-level travel time spent in this place.
 C = Inter-level travel time spent in this place.
 D = Time resting spent in this place.
 E = Time spent auto-exploring this place.
 F = Levels seen in this place.
 G = Mean time per level.
                   A        B        C        D        E       F      G
               +--------+--------+--------+--------+--------+-----+--------+
         Total |  11754 |  10909 |    845 |   1818 |   6031 |  11 | 1068.5 |
       Dungeon |  11222 |  10384 |    838 |   1743 |   6031 |   9 | 1246.9 |
        Temple |     46 |     40 |      6 |      0 |      0 |   1 |   46.0 |
       Ossuary |    486 |    486 |      0 |     75 |      0 |   1 |  486.0 |
               +--------+--------+--------+--------+--------+-----+--------+

Top non-repeatable levels by time:
     D:7: 1872 daAuts
     D:6: 1797 daAuts
     D:8: 1515 daAuts
     D:5: 1506 daAuts
     D:4: 1317 daAuts
     D:2: 1086 daAuts
     D:1: 1073 daAuts
     D:3: 703 daAuts
 Ossuary: 486 daAuts
     D:9: 350 daAuts
  Temple: 46 daAuts
